 Dungeon Crawl Stone Soup version 0.29.1-12-g30fa7ad0bf (webtiles) character file.

Game seed: 15008752688643077661

162 sanboga the Trooper (level 5, -1/57 HPs)
             Began as an Ogre Berserker on Dec 16, 2022.
             Was a Believer of Trog.
             Slain by a hobgoblin (2 damage)
             ... led by Robin
             ... on level 3 of the Dungeon.
             The game lasted 00:03:01 (2752 turns).

sanboga the Trooper (Ogre Berserker)                Turns: 2752, Time: 00:03:02

Health: -1/57      AC:  3    Str: 23    XL:     5   Next: 43%
Magic:  5/5        EV: 10    Int:  8    God:    Trog [**....]
Gold:   168        SH:  0    Dex:  8    Spells: 4/4 levels left

rFire   + . .      SeeInvis .   q - +0 eveningstar
rCold   . . .      Faith    .   (no shield)
rNeg    . . .      Spirit   .   b - +0 animal skin
rPois   .          Reflect  .   (helmet restricted)
rElec   .          Harm     .   (no cloak)
rCorr   .          Rampage  .   (gloves unavailable)
Will    .....                   (boots unavailable)
Stlth   +.........              (no amulet)
HPRegen 0.19/turn               k - ring of protection from fire
MPRegen 0.09/turn               (no ring)

@: weak-willed, on berserk cooldown, slowed, very slow
A: large, unfitting armour, tough skin 1
a: Renounce Religion, Berserk, Trog's Hand


You were on level 3 of the Dungeon.
You worshipped Trog.
Trog was pleased with you.
You visited 1 branch of the dungeon, and saw 3 of its levels.

You collected 168 gold pieces.

Inventory:

Hand Weapons
 q - a +0 eveningstar (weapon)
Armour
 b - a +0 animal skin (worn)
Jewellery
 k - a ring of protection from fire (left hand)
Scrolls
 c - 2 scrolls of blinking {unknown}
 g - a scroll of poison {unknown}
 h - a scroll of noise {unknown}
 i - a scroll of silence {unknown}
 j - a scroll of enchant armour {unknown}
 l - 2 scrolls of fog {unknown}
 m - 4 scrolls of identify {unknown}
 n - a scroll of teleportation {unknown}
 o - a scroll of immolation {unknown}
Potions
 e - a potion of cancellation {unknown}
 f - a potion of might {unknown}
 p - 3 potions of invisibility {unknown}


   Skills:
 + Level 5.2 Fighting
 * Level 4.2 Maces & Flails
 + Level 3.5 Dodging


You had 4 spell levels left.
You didn't know any spells.
Your spell library was empty.

Dungeon Overview and Level Annotations

Branches:
Dungeon (3/15)

Altars:
Xom

Portals:
Abyss: D:3

Annotations:
D:3 2 transporters, Gelion's ghost, amateur GnFi; Robin


Innate Abilities, Weirdness & Mutations

You are too large for most types of armour.
You have tough skin. (AC +1)


Message History

The hobgoblin barely misses you. The goblin hits you with a +0 club.
The hobgoblin misses you. Robin throws the goblin at you!
The goblin hits you with a +0 club.
You barely miss the goblin. The hobgoblin completely misses you.
The goblin barely misses you. The goblin hits you but does no damage.
The goblin hits you with a +0 club.
The hobgoblin hits you but does no damage.
The goblin hits you with a +0 club. The goblin hits you but does no damage.
You closely miss the goblin. The goblin hits you but does no damage.
The hobgoblin barely misses you. The goblin closely misses you.
The goblin misses you. The hobgoblin misses you. The goblin barely misses you.
The goblin closely misses you.
You barely miss the goblin.
The goblin no longer looks unusually strong. x2
You barely miss the goblin.
You are no longer berserk.
You are exhausted.
You feel yourself slow down.
The hobgoblin no longer looks unusually strong.
The goblin hits you with a +0 club. The goblin hits you but does no damage.
The goblin hits you with a +0 club. The goblin closely misses you.
The hobgoblin closely misses you.
Robin's bangles clink loudly.
The hobgoblin hits you. The goblin hits you with a +0 club.
* * * LOW HITPOINT WARNING * * *
As you read the scroll labelled RIUTYM RIAMP, it crumbles to dust.
Magic quickly surges around you.
It was a scroll of vulnerability.
The goblin no longer looks unusually strong.
The goblin closely misses you. The goblin barely misses you.
The goblin hits you with a +0 club.
* * * LOW HITPOINT WARNING * * *
The hobgoblin barely misses you. The hobgoblin closely misses you.
The goblin hits you with a +0 club.
* * * LOW HITPOINT WARNING * * *
The goblin closely misses you. x2; The goblin hits you with a +0 club.
* * * LOW HITPOINT WARNING * * *
The goblin hits you but does no damage. The goblin hits you with a +0 club.
* * * LOW HITPOINT WARNING * * *
The hobgoblin hits you.
You die...

##....#'##†##'#.
#..####.##.##.#.
#.## ##'##'##+#.
#.# ##.......#. #.#
##..._...#. ###.#
###.....##. ##...#
########..
#gg#########.......
#g@g...... ....###
#ggg##..## ##..###
#gg## .. ##.#..
#..# .#.. #... #..
#... #.. #..#. #..
#..#. #.. #....#
#..


You could see Robin (weak-willed), 2 hobgoblins and 6 goblins.

Vanquished Creatures
  2 jellies (D:3)
  3 adders (D:2)
  2 worms (D:2)
  3 dart slugs
  An orc (D:3)
  6 ball pythons
  5 endoplasms
  2 giant cockroaches (D:1)
  12 goblins
  A hobgoblin (D:1)
  An iguana (D:3)
  A jackal (D:2)
  3 quokkas
  8 bats
  6 frilled lizards
  2 kobolds (D:1)
  7 rats
65 creatures vanquished.

Vanquished Creatures (others)
  4 plants (D:3)
4 creatures vanquished.

Grand Total: 69 creatures vanquished

Notes
Turn   | Place    | Note
-------+----------+-------------------------------------------
     0 | D:1      | sanboga the Ogre Berserker began the quest for the Orb.
     0 | D:1      | Reached XP level 1. HP: 24/24 MP: 1/1
   178 | D:1      | Reached XP level 2. HP: 21/32 MP: 2/2
   567 | D:1      | Reached XP level 3. HP: 40/40 MP: 3/3
   740 | D:2      | Reached ** piety under Trog
  1573 | D:2      | Reached XP level 4. HP: 16/49 MP: 4/4
  1577 | D:2      | Found a faded altar of an unknown god.
  2082 | D:3      | Noticed a small abomination
  2104 | D:3      | Found a transporter.
  2108 | D:3      | Found a one-way gate to the infinite horrors of the Abyss.
  2108 | D:3      | Noticed Gelion's ghost (amateur GnFi)
  2352 | D:3      | Found a transporter.
  2358 | D:3      | Noticed a small abomination
  2422 | D:3      | Identified the +1 ice dragon scales "Visin" {rF- rC++ rN+
                  | Dex+3}
  2434 | D:3      | Found a shimmering altar of Xom.
  2448 | D:3      | Reached skill level 5 in Fighting
  2448 | D:3      | Reached XP level 5. HP: 17/57 MP: 5/5
  2736 | D:3      | Noticed Robin
  2752 | D:3      | HP: 1/57 [goblin/+0 club[Robin] (3)]
  2752 | D:3      | Slain by a hobgoblin

Illustrated notes

Levels and vault maps discovered:
D:1:      minmay_arrival_nine_rooms, layout_basic, minmay_tromino_i4
D:2:      minmay_chambers_of_ones, layout_basic, basic_ecumenical_altar,
          nrook_campfire
D:3:      layout_rooms, dk_xom_monty_hall, gammafunk_ghost_abyssal_escape,
          palyth_stone_intersect, chequers_big_river, lemuel_flame_loot_1,
          uniq_robin, uniq_sigmund

Skill      XL: |  1  2  3  4 |
---------------+-------------+-----
Maces & Flails | 3 4 |  4.2
Dodging        | 3 |  3.5
Fighting       | 5 |  5.2

Action                   |  1- 3 |  4- 6 || total
-------------------------+-------+-------++-------
Melee: Mace              |   115 |    19 ||   134
       Punch             |     1 |       ||     1
       Eveningstar       |       |    52 ||    52
Invok: Berserk           |     3 |     2 ||     5
  Use: Scroll            |     1 |     1 ||     2
 Stab: Distracted        |       |     1 ||     1
Armor: Animal skin       |    49 |    24 ||    73
Dodge: Dodged            |    79 |    72 ||   151
